 Dungeon Crawl Stone Soup version 0.20.1-1-g8b1a95d (webtiles) character file.

382 Crag the Ruffian (level 6, -5/51 HPs)
             Began as a Naga Transmuter on July 29, 2017.
             Slain by an ogre
             ... wielding a +0 giant club
              (22 damage)
             ... on level 4 of the Dungeon.
             The game lasted 00:13:47 (3651 turns).

Crag the Ruffian (Naga Transmuter)                  Turns: 3651, Time: 00:13:48

Health: -5/51      AC:  7    Str: 14    XL:     6   Next: 76%
Magic:  8/9        EV:  9    Int: 14    God:
Gold:   132        SH:  0    Dex: 15    Spells: 8/9 levels left

rFire    + . .     SeeInvis +     - Unarmed
rCold    + . .     Gourm    .   (no shield)
rNeg     . . .     Faith    .   h - +3 leather armour {rF+}
rPois    +         Spirit   .   (no helmet)
rElec    .         Reflect  .   (no cloak)
rCorr    .         Harm     .   z - +0 pair of gloves
MR       .....                  (no barding)
Stlth    +.........             (no amulet)
Regen    0.2/turn               e - +4 ring of dexterity
MPRegen  0.2/turn               g - ring of protection from cold

@: appendage (expiring), very slow
A: horns 2, see invisible, deformed body, poison resistance, slowness 2, slow
metabolism 1, spit poison 1, AC +2
a: Spit Poison, End Transformation


You were on level 4 of the Dungeon.
You were not hungry.
You had grown temporary horns.
You visited 1 branch of the dungeon, and saw 4 of its levels.

You collected 132 gold pieces.

Inventory:

Missiles
 a - 3 curare-tipped needles
 j - 89 stones (quivered)
Armour
 b - a +0 robe
 h - a +3 leather armour of fire resistance (worn)
 z - a +0 pair of gloves (worn)
Jewellery
 e - a +4 ring of dexterity (left hand)
 g - a ring of protection from cold (right hand)
Scrolls
 k - a scroll of fog {unknown}
 l - a scroll of remove curse
 p - 2 scrolls of identify {unknown}
 q - a scroll of recharging {unknown}
 s - a scroll of magic mapping {unknown}
 t - 3 scrolls of fear {unknown}
 w - a scroll of teleportation
 x - a scroll of enchant weapon {unknown}
 y - a scroll of enchant armour
Potions
 f - a potion of invisibility
 m - 5 potions of haste
 n - a potion of brilliance {unknown}
 o - 4 potions of curing
 u - a potion of cancellation {unknown}
 v - a potion of heal wounds
Books
 c - a book of Changes

   Spells                             Type                      Level
   a - Beastly Appendage              Transmutation                1
   b - Sticks to Snakes               Transmutation                2
   c - Spider Form                    Transmutation/Poison         3
   d - Ice Form                       Ice/Transmutation            4
   e - Blade Hands                    Transmutation                5
Comestibles
 d - 7 bread rations
 i - 7 fruits
 r - 3 meat rations
 A - 5 chunks of flesh


   Skills:
 - Level 1.0 Fighting
 - Level 1.5 Dodging
 + Level 7.4 Unarmed Combat
 - Level 2.0 Spellcasting
 - Level 2.0 Transmutations


You had 8 spell levels left.
You knew the following spells:

 Your Spells              Type           Power        Failure   Level  Hunger
a - Beastly Appendage     Tmut           #.....       13%         1    ##.....


Dungeon Overview and Level Annotations

Branches:
Dungeon (4/15)
 Temple: D:4-7

Altars:
Zin


Innate Abilities, Weirdness & Mutations

You cannot wear boots.
Your serpentine skin is tough. (AC +2)
You have supernaturally acute eyesight. (SInv)
Armour fits poorly on your strangely shaped body.
Your system is resistant to poisons. (rPois)
You cover ground very slowly.
You have a slow metabolism.
You can spit poison.
You have a pair of horns on your head.


Message History

Confirm with . or Enter, or press ? or * to list all spells.
You grow a pair of large bovine horns.
You have got your breath back.
You hit the ogre but do no damage.
The ogre is lightly wounded.
The ogre barely misses you.
You barely miss the ogre.
The ogre is lightly wounded.
The ogre hits you with a giant club!!
You hit the ogre.
The ogre is moderately wounded.
You hit the ogre. You headbutt the ogre!
The ogre is severely wounded.
Your transformation is almost over.
The ogre hits you with a giant club!
You hit the ogre.
You headbutt the ogre, but do no damage.
The ogre is severely wounded.
The ogre hits you with a giant club!!
You die...

##........oo .
............######.
#...............#..
#..................
#.............#.#.#
#....#........#.#.#
#.............#.#..
#@O#...>..........
#.......####...#..
#..#.....###)..#..
######..#.........###.#
#.......#......)..)...#
#.########..#.###.#####
#.# #.##.# #.#### #.#
####.##.###.##.# #.#
#..............#


You could see an ogre.

Vanquished Creatures
  An ogre (D:4)
  A bullfrog (D:4)
  A howler monkey (D:4)
  An orc priest (D:4)
  2 orc wizards (D:4)
  3 adders
  An ooze (D:4)
  2 worms
  A dart slug (D:4)
  A leopard gecko (D:4)
  12 orcs
  8 bats
  4 giant cockroaches
  8 goblins
  6 hobgoblins
  2 jackals (D:1)
  5 kobolds
  A quokka (D:4)
  A ball python (D:4)
  6 frilled lizards
  A leopard gecko skeleton (D:4)
  5 rats
73 creatures vanquished.

Notes
Turn   | Place    | Note
-------+----------+-------------------------------------------
     0 | D:1      | Crag the Naga Transmuter began the quest for the Orb.
     0 | D:1      | Reached XP level 1. HP: 18/18 MP: 3/3
   288 | D:1      | Reached XP level 2. HP: 22/25 MP: 1/5
   919 | D:1      | Reached skill level 4 in Unarmed Combat
  1098 | D:2      | Reached XP level 3. HP: 29/31 MP: 4/6
  1907 | D:2      | Reached XP level 4. HP: 38/38 MP: 7/7
  1997 | D:2      | Found a glowing silver altar of Zin.
  1998 | D:2      | Noticed an angel
  2292 | D:3      | Reached skill level 5 in Unarmed Combat
  2653 | D:4      | Noticed an ogre
  2664 | D:4      | Killed an ogre
  2664 | D:4      | Reached skill level 6 in Unarmed Combat
  2664 | D:4      | Reached XP level 5. HP: 20/44 MP: 6/8
  3167 | D:4      | Reached XP level 6. HP: 49/51 MP: 9/9
  3398 | D:4      | Reached skill level 7 in Unarmed Combat
  3651 | D:4      | Slain by an ogre

Skill      XL: |  1  2  3  4  5  6 |
---------------+-------------------+-----
Unarmed Combat | 4 6 7 |  7.4
Fighting       | |  1.0
Dodging        | |  1.5
Spellcasting   | |  2.0
Transmutations | |  2.0

Action                   |  1- 3 |  4- 6 || total
-------------------------+-------+-------++-------
Melee: Unarmed           |   107 |   124 ||   231
       Headbutt          |     6 |     7 ||    13
       Punch             |     1 |     4 ||     5
Throw: Stone             |       |     1 ||     1
 Cast: Beastly Appendage |    14 |    12 ||    26
 Abil: Spit Poison       |    25 |    21 ||    46
  Use: Potion            |     5 |     2 ||     7
       Scroll            |     3 |     2 ||     5
  Eat: Chunk             |     4 |     6 ||    10
Armor: Robe              |     2 |       ||     2
       Leather armour    |    34 |    32 ||    66
Dodge: Dodged            |    50 |    34 ||    84
